[Event "Early-Titled-Tuesday-Blitz-February-06-2024"]
[Site "Chess.com"]
[Date "2024.02.06"]
[Round "8"]
[White "LornerAcosta"]
[Black "Raud100"]
[Result "1-0"]
[WhiteElo "2505"]
[BlackElo "2428"]
[TimeControl "180+1"]
[EndTime "9:29:17 PST"]
[Termination "LornerAcosta won on time"]

1. Nf3 d5 2. e3 c6 3. c4 Nf6 4. Qc2 Bg4 5. Be2 Nbd7 6. b3 e5 7. Bb2 Bd6 8. Nc3 O-O 9. h3 Bh5 10. d3 Qe7 11. g4 Bg6 12. Nh4 d4 13. Nd1 dxe3 14. Nxe3 Bb4+ 15. Kf1 e4 16. d4 Ba3 17. Nhf5 Qb4 18. Bc3 Qb6 19. g5 Nh5 20. Qxe4 Rfe8 21.
Ne7+ Rxe7 22. Qh4 Re4 23. Ng4 Rae8 24. Bf3 Rf4 25. Kg2 Bb4 26. Bb2 Qd8 27. Bc1 Rxd4 28.
Be3 Rd3 29. Rad1 Rxd1 30. Rxd1 Qe7 31. Nh2 Bc5 32. Bxc5 Nxc5 33. Bxh5 Ne4 34. Bxg6 hxg6 35. Nf3 Nd6 36. Qf4 Nf5 37. Rd2 a5 38. h4 a4 39.
bxa4 Qc5 40. Rb2 b6 41. Rc2 Nd6 42. Qg4 Re4 43. Qd7 Rxc4 44. Rd2 Nf5 45. Qe8+ Qf8 46.
Qd7 Rg4+ 47. Kh3 Rxa4 48. Re2 Qb4 49. Re8+ Kh7 50. Qd8 Qg4+ 51. Kh2 Qf4+ 52. Kg2 Qg4+ 53. Kh2 Qf4+ 54. Kg2 Qg4+ 55. Kf1 Qh3+ 56. Ke2 Rxa2+ 57. Nd2 Rxd2+ 58. Kxd2 1-0

[Event "Early-Titled-Tuesday-Blitz-February-06-2024"]
[Site "Chess.com"]
[Date "2024.02.06"]
[Round "8"]
[White "amanjazu"]
[Black "hakanazeri2"]
[Result "1-0"]
[WhiteElo "2476"]
[BlackElo "2639"]
[TimeControl "180+1"]
[EndTime "9:29:19 PST"]
[Termination "amanjazu won on time"]

1. g3 d5 2. Bg2 c6 3. f4 Nf6 4.
Nf3 g6 5. O-O Bg7 6. d3 O-O 7.
Nc3 Nbd7 8. e4 Re8 9. e5 Ng4 10. d4 e6 11. h3 Nh6 12. g4 c5 13. Ne2 b6 14. Be3 Ba6 15. Kh2 f6 16. c3 Nf7 17.
Rf2 cxd4 18. cxd4 Rc8 19. Ng3 f5 20. g5 Nf8 21. h4 Rc6 22. h5 Qc7 23. Rc1 Rxc1 24.
Bxc1 Rc8 25. Be3 Qc4 26. a3 Bb5 27. Bf1 Qa4 28. Qe1 Bxf1 29. Qxf1 Rc2 30. Rxc2 Qxc2+ 31. Qg2 Qd3 32. Qd2 Qxd2+ 33. Nxd2 h6 34. Kg2 hxg5 35.
fxg5 gxh5 36. Nxh5 Ng6 37. Kg3 Kf8 38. Nf3 Kg8 39. Nh4 Nfh8 40. Ng2 Kf7 41. Ne1 Ne7 42. Nd3 Nhg6 43. Nb4 Bf8 44. Nf6 f4+ 45. Bxf4 Nf5+ 46. Kg4 Bxb4 47. axb4 Nxd4 48. Nd7 Nc6 49. b5 Nd4 50. Nb8 Nxb5 51. Nc6 a5 52. Be3 d4 53. Bg1 d3 54. Be3 Nc7 55. Kf3 Nd5 56. Bd2 Ke8 57.
Ke4 Kd7 58. Nd4 a4 59. Nf3 1-0

[Event "Early-Titled-Tuesday-Blitz-February-06-2024"]
[Site "Chess.com"]
[Date "2024.02.06"]
[Round "8"]
[White "cukricek"]
[Black "JeFumeDesClopes"]
[Result "1-0"]
[WhiteElo "2368"]
[BlackElo "2596"]
[TimeControl "180+1"]
[EndTime "9:29:19 PST"]
[Termination "cukricek won by resignation"]

1. g3 g6 2. Bg2 Bg7 3. Nf3 e5 4. O-O Ne7 5. d4 e4 6. Nfd2 d5 7. c4 c6 8. e3 O-O 9. Nc3 Nd7 10. b3 f5 11. Ba3 Nf6 12. Rc1 Be6 13. cxd5 Nfxd5 14. Nc4 Nxc3 15. Rxc3 Nd5 16. Rc1 Rf7 17. Qd2 Nb6 18. Rfd1 Nxc4 19. bxc4 Rd7 20. Bf1 Bf7 21. Rb1 b6 22. c5 b5 23. Bb4 a5 24. Bc3 Bd5 25. Qc2 h5 26. a4 b4 27. Bb2 h4 28.
Bc4 Bf6 29. Bxd5+ Rxd5 30. Qe2 Kg7 31. Kg2 Qe7 32. Rbc1 Rh8 33. Rh1 g5 34. Qa6 Qc7 35. Qb6 Rc8 36. gxh4 gxh4 37. Kf1 Bd8 38. Rg1+ Kf7 39.
Qxc7+ Bxc7 40. h3 Rg8 41. Rxg8 Kxg8 42. Ke2 Rd7 43. Rg1+ Rg7 44. Rxg7+ Kxg7 45. d5+ Kf7 46. d6 Bd8 47. f3 Ke6 48. fxe4 fxe4 49. Bd4 Kd5 50.
Kd2 Kc4 51. Kc2 b3+ 52. Kb2 Kb4 53. Bg7 Kxc5 54. Bf8 Bf6+ 55. Kxb3 Kd5 56. Be7 Ke6 57. Bxf6 Kxd6 1-0

[Event "Early-Titled-Tuesday-Blitz-February-06-2024"]
[Site "Chess.com"]
[Date "2024.02.06"]
[Round "8"]
[White "Elnaz_Kaliakhmet"]
[Black "Dinosaurio_1975"]
[Result "1/2-1/2"]
[WhiteElo "2286"]
[BlackElo "2589"]
[TimeControl "180+1"]
[EndTime "9:29:19 PST"]
[Termination "Game drawn by repetition"]

1. e4 c6 2. d4 d5 3. Nc3 dxe4 4. Nxe4 Nf6 5. Nxf6+ exf6 6. Nf3 Bd6 7. Bd3 O-O 8. O-O Na6 9. c3 Nc7 10. Be3 Re8 11.
Qc2 g6 12. Rae1 Nd5 13. a3 Bg4 14. Nd2 Qc7 15. h3 Bd7 16. c4 Nxe3 17. fxe3 Bg3 18.
Re2 f5 19. e4 fxe4 20. Nxe4 Bh4 21. Nf6+ Bxf6 22. Rxf6 Rxe2 23. Qxe2 Re8 24. Qf2 Be6 25.
b4 Qd7 26. Rf4 a5 27. b5 Qe7 28. bxc6 bxc6 29. c5 Bd5 30. Kh2 Qe3 31. Qf1 Qd2 32. Rf2 Qc3 33. Rf4 Re1 34. Qf2 Rd1 35. Be2 Rd2 36.
Qe1 Qc2 37. Rf2 Bc4 38. Bd1 Rxf2 39. Bxc2 Rxc2 40. Qe8+ Kg7 41. Qxc6 Bf1 42. Qe4 Rxg2+ 43. Qxg2 Bxg2 44. Kxg2 Kf6 45. Kf3 Ke6 46. Kf4 f5 47. a4 h6 48. h4 Kf6 49. d5 g5+ 50. hxg5+ hxg5+ 51. Kf3 Ke5 52. d6 Ke6 53. Kg3 Kd7 54.
Kf3 Kc6 55. Ke3 Kd7 56. Kd4 g4 57. Ke3 Kc6 58. Kf4 Kd7 59. Kg3 Kc6 60. Kf4 Kd7 61. Kg3 Ke6 62. Kf4 Kd7 1/2-1/2

[Event "Early-Titled-Tuesday-Blitz-February-06-2024"]
[Site "Chess.com"]
[Date "2024.02.06"]
[Round "8"]
[White "winniethepooh04"]
[Black "Baby_Legs"]
[Result "1-0"]
[WhiteElo "2520"]
[BlackElo "2618"]
[TimeControl "180+1"]
[EndTime "9:29:20 PST"]
[Termination "winniethepooh04 won on time"]

1. d4 Nf6 2. Nf3 e6 3. Bf4 d6 4. h3 g6 5. e3 Bg7 6. Be2 O-O 7. O-O b6 8. c4 Bb7 9. Nc3 Nbd7 10. Rc1 Qe7 11. b4 e5 12. Bh2 a5 13.
a3 axb4 14. axb4 e4 15. Nd2 h5 16. Nb3 Rfc8 17. c5 Nd5 18. cxd6 cxd6 19. Nb5 Rxc1 20. Qxc1 Ba6 21. Qd2 Bxb5 22. Bxb5 N7f6 23. Ra1 Rxa1+ 24.
Nxa1 Qa7 25. Nc2 Bf8 26. Bc4 Qa4 27. Bg3 b5 28. Be2 Nb6 29. Qc3 Nfd5 30. Qc6 Qa2 31.
Bxb5 Qb1+ 32. Kh2 Be7 33. Bc4 Nxc4 34. Qxc4 h4 35. Bf4 Nxf4 36. exf4 d5 37. Qc8+ Kg7 38. Ne3 Bxb4 39. Qb8 Qb2 40. Qe5+ Kf8 41. Nxd5 Kg8 42. Nf6+ Kf8 43. Nd7+ Kg8 44. Nf6+ Kf8 45. Nxe4 Bd2 46. Qd6+ Kg8 47. Qe5 Qc1 48. Nf6+ Kf8 49. Nd5 Kg8 50. Qf6 Qc4 51. Ne7+ Kh7 52. Qxh4+ Kg7 53. Qg5 Kf8 54.
Qe5 Bxf4+ 55. Qxf4 Kxe7 56. Qe5+ Kf8 57. d5 Qc2 58. f4 1-0

[Event "Early-Titled-Tuesday-Blitz-February-06-2024"]
[Site "Chess.com"]
[Date "2024.02.06"]
[Round "8"]
[White "BestestBP"]
[Black "AccioChess"]
[Result "1/2-1/2"]
[WhiteElo "2252"]
[BlackElo "2388"]
[TimeControl "180+1"]
[EndTime "9:29:20 PST"]
[Termination "Game drawn by repetition"]

1. e4 c5 2. Nf3 Nc6 3. d4 cxd4 4. Nxd4 Nf6 5. Nc3 d6 6. Bb5 Bd7 7. O-O e6 8. Bxc6 bxc6 9. e5 dxe5 10. Nf3 e4 11. Ng5 Be7 12. Ngxe4 Nxe4 13. Nxe4 O-O 14.
Be3 e5 15. Bc5 f5 16. Bxe7 Qxe7 17. Qd6 Qxd6 18. Nxd6 e4 19. Rad1 Be6 20. b3 Rad8 21. c4 Rd7 22. Rd2 Rfd8 23. Rfd1 c5 24. Kf1 a6 25.
Ke1 Rb8 26. Nxe4 Re7 27. Rd8+ Rxd8 28. Rxd8+ Kf7 29. Ng5+ Kf6 30. Nxh7+ Ke5 31. Kd2 f4 32. Ng5 Bf5 33. Nf3+ Kf6 34. Rd5 g5 35. h3 g4 36.
hxg4 Bxg4 37. Rxc5 Bf5 38. Rc6+ Kg7 39. Rxa6 Rd7+ 40.
Kc3 Rd3+ 41. Kb4 Rd1 42. Ne5 Rf1 43. f3 Rf2 44. Ra7+ Kf6 45. Nd7+ Kg5 46. a4 Rxg2 47. Nc5 Rf2 48. a5 Rxf3 49. a6 Rf1 50. Rg7+ Kf6 51. a7 Ra1 52. Rc7 f3 53. Na4 Be4 54. Rc8 Kf7 55.
Rc7+ Kf6 56. Rc8 Kg7 57. Rc7+ Kf8 58. Rc8+ Ke7 59. Rc7+ Ke8 60. Rc8+ Kf7 61. Rc7+ Kf6 1/2-1/2

[Event "Early-Titled-Tuesday-Blitz-February-06-2024"]
[Site "Chess.com"]
[Date "2024.02.06"]
[Round "8"]
[White "Szachulec75"]
[Black "NastyaHn"]
[Result "0-1"]
[WhiteElo "2208"]
[BlackElo "2370"]
[TimeControl "180+1"]
[EndTime "9:29:22 PST"]
[Termination "NastyaHn won on time"]

1. Nf3 Nf6 2. g3 g6 3. Bg2 Bg7 4. O-O O-O 5. d3 d5 6. Nbd2 c5 7. e4 e6 8. c3 b6 9. a4 Bb7 10. Re1 Nc6 11. Qc2 Rc8 12. Nf1 dxe4 13. dxe4 e5 14. Bg5 h6 15. Bxf6 Qxf6 16. Ne3 Ne7 17. Ng4 Qe6 18. Bh3 Kh8 19. Kg2 f5 20. Ne3 Qc6 21. Nd2 Rcd8 22. Kg1 f4 23. Nef1 Qf6 24. g4 g5 25. f3 Ng6 26. Nc4 Nh4 27. Nfd2 Qe6 28.
Bg2 Rd7 29. Rad1 Rfd8 30. b3 a6 31. Nf1 b5 32. axb5 axb5 33. Nb2 c4 34. b4 Qb6+ 35. Kh1 Bf6 36. Rxd7 Rxd7 37. Rd1 Rxd1 38. Nxd1 Bd8 39. Qf2 Qc6 40. Qa7 Bc7 41. Nb2 Kg7 42. h3 Ng6 43.
Nd2 Bb6 44. Qb8 Be3 45. Nf1 Qd7 46. h4 gxh4 47. Bh3 Bc6 48. Kg2 Qe7 49. Qc8 Be8 50. Qf5 Bf7 51. Qc8 Qa7 52. Nd1 Qa2+ 53. Kh1 Qe2 54. Ndxe3 fxe3 55. g5 Qxf3+ 56. Bg2 Qf2 0-1

[Event "Early-Titled-Tuesday-Blitz-February-06-2024"]
[Site "Chess.com"]
[Date "2024.02.06"]
[Round "8"]
[White "maciek_92"]
[Black "secretsuperstar7"]
[Result "1-0"]
[WhiteElo "2780"]
[BlackElo "2521"]
[TimeControl "180+1"]
[EndTime "9:29:26 PST"]
[Termination "maciek_92 won on time"]

1. e4 c5 2. Nf3 Nc6 3. c3 Nf6 4.
e5 Nd5 5. Bc4 Nb6 6. Bb3 c4 7.
Bc2 d6 8. exd6 Qxd6 9. O-O Bg4 10. h3 Bh5 11. Re1 O-O-O 12. b3 Ne5 13. Rxe5 Bxf3 14. Qe1 Bc6 15. Na3 f6 16. Ra5 Kb8 17. bxc4 Qc7 18. c5 Nd5 19. Nc4 Nf4 20. Be4 Nd3 21. Qe2 Bxe4 22.
Qxe4 Nxc5 23. Qe3 e5 24. d4 Na6 25. Rxa6 Qxc4 26. Ra5 exd4 27. Qg3+ Bd6 28. Bf4 Bxf4 29. Qxf4+ Qc7 30. Qxc7+ Kxc7 31. cxd4 Rxd4 32. Rxa7 Rhd8 33. Kh2 Rd2 34. Rb1 Rxf2 35. Rbxb7+ Kc6 36. Rxg7 Rdd2 37. a4 f5 38. Ra6+ Kc5 39. Rh6 f4 40. Rhxh7 f3 41.
Rh5+ Kd4 42. Rhg5 Kc4 43. Rg4+ Kc5 44. h4 Kb6 45. h5 fxg2 46. Rxg2 Rxg2+ 47. Rxg2 Rd5 48. Rg6+ Ka5 49. h6 Rh5+ 50. Kg3 Kxa4 51. Rg4+ Kb5 52.
Rh4 Rg5+ 53. Kf4 Rg8 54. h7 Rh8 55. Kg5 Kc6 56. Kg6 Kd6 57. Kg7 Rd8 58. h8=Q Rd7+ 59. Kf6 Kd5 60. Qa8+ 1-0

[Event "Early-Titled-Tuesday-Blitz-February-06-2024"]
[Site "Chess.com"]
[Date "2024.02.06"]
[Round "8"]
[White "BillieKimbah"]
[Black "kpio91"]
[Result "0-1"]
[WhiteElo "2948"]
[BlackElo "2867"]
[TimeControl "180+1"]
[EndTime "9:29:28 PST"]
[Termination "kpio91 won by resignation"]

1. d4 e6 2. Nf3 Nf6 3. Bg5 d5 4. e3 Be7 5. Nbd2 b6 6. Bb5+ c6 7.
Bd3 Bb7 8. c3 c5 9. Ne5 Nbd7 10.
h4 Nxe5 11. dxe5 Nd7 12. Nf3 c4 13. Bc2 Qc7 14. Bxe7 Kxe7 15. Qd4 f6 16. exf6+ gxf6 17. O-O-O e5 18. Qg4 Rag8 19. Qh5 Nc5 20. Rhg1 Nd3+ 21. Bxd3 cxd3 22. Kb1 e4 23. Nd4 Qe5 24. Nf5+ Kd8 25. f4 Qe8 26. Qxe8+ Kxe8 27. g4 Bc8 28. Nh6 Rg7 29.
g5 f5 30. Kc1 Be6 31. Kd2 Kd7 32. a4 Rb8 33. Ra1 Kc6 34. Rgc1 a5 35. b4 Rg6 36. Rab1 Ra8 37. bxa5 Rxa5 38. Rb4 Rg7 39. h5 Rga7 40. Rcb1 R7a6 41. g6 hxg6 42. hxg6 Rxa4 43. g7 Rxb4 44. cxb4 Ra2+ 45. Kc3 Rg2 46. g8=Q Bxg8 47. Nxf5 Rc2+ 48. Kd4 Be6 49. Ng3 Bg4 50. Nf1 d2 51. Nxd2 Rxd2+ 52. Ke5 Rd3 53. Re1 Kb5 54. f5 Bxf5 55. Kxf5 Kxb4 56. Ke5 b5 57. Rb1+ Kc4 58. Rc1+ Rc3 59. Rd1 Rd3 60. Rc1+ Kb4 61. Rb1+ Ka5 62. Ra1+ Kb6 63. Re1 b4 0-1

[Event "Early-Titled-Tuesday-Blitz-February-06-2024"]
[Site "Chess.com"]
[Date "2024.02.06"]
[Round "8"]
[White "LeoLV10"]
[Black "mkllnd1517"]
[Result "1-0"]
[WhiteElo "2500"]
[BlackElo "2355"]
[TimeControl "180+1"]
[EndTime "9:29:28 PST"]
[Termination "LeoLV10 won by checkmate"]

1. e4 c6 2. d4 d5 3. e5 c5 4. dxc5 e6 5. a3 Bxc5 6. b4 Bb6 7. Qg4 Ne7 8. Bd3 O-O 9. Nf3 f6 10. O-O Nbc6 11. Bb2 Rf7 12. exf6 e5 13. Bxh7+ Kxh7 14. Qh5+ Kg8 15. fxe7 Qxe7 16. Ng5 g6 17. Qh6 Bf5 18.
Nxf7 Qxf7 19. Nc3 d4 20. Na4 Bxc2 21. Nxb6 axb6 22. Rac1 Bd3 23. Rfd1 Rf8 24. Qh4 Bf5 25. Qg3 Qd5 26. Re1 d3 27. Rcd1 e4 28. Qh4 Nd4 29. Rxd3 exd3 30. Bxd4 Be4 31. Qh8+ Kf7 32. Qf6+ Ke8 33.
Qxg6+ Kd8 34. Bf6+ Kc8 35. Qg7 Kb8 36. Qxf8+ Ka7 37.
Bg5 d2 38. Bxd2 Qxd2 39. Rf1 Qg5 40. f3 Qe3+ 41. Kh1 Bd3 42. Rg1 Be2 43. Qf5 Bd3 44.
Qg4 Qf2 45. Qg3 Qe3 46. f4 Qe4 47. Re1 Qd5 48. h3 Bb5 49. Kh2 Bc6 50. Re2 Qb5 51. Rf2 Qf5 52. Qe3 Qg6 53. f5 Qf6 54. Qg3 b5 55.
Qf4 Bd5 56. Qe3+ Ka6 57. Qf4 Bc6 58. Rd2 Qc3 59. f6 Be8 60. Rd6+ Ka7 61. Qg3 Qc7 62. Ra6+ Kxa6 63. Qxc7 Bc6 64. Qa5# 1-0

[Event "Early-Titled-Tuesday-Blitz-February-06-2024"]
[Site "Chess.com"]
[Date "2024.02.06"]
[Round "8"]
[White "NelsonLinda"]
[Black "NewYearGirl"]
[Result "0-1"]
[WhiteElo "2556"]
[BlackElo "2357"]
[TimeControl "180+1"]
[EndTime "9:29:29 PST"]
[Termination "NewYearGirl won on time"]

1. b3 e5 2. Bb2 Nc6 3. e3 g6 4. Nf3 Bg7 5. d4 d6 6. dxe5 Nge7 7. Nbd2 Nxe5 8. Nxe5 dxe5 9. Nf3 Qxd1+ 10. Rxd1 Nc6 11. Bb5 Bg4 12. h3 Bxf3 13. gxf3 Rd8 14. Ke2 Ke7 15. f4 Ke6 16. Bc4+ Kf5 17. Bxf7 Bf6 18.
Kf3 e4+ 19. Kg3 Bxb2 20. Bd5 Nb4 21. Bxb7 Nxc2 22. f3 Nxe3 23. fxe4+ Kf6 24. Rxd8 Rxd8 25. Kf3 Nc2 26. e5+ Ke7 27. h4 Nd4+ 28. Kg4 Ne6 29. Be4 Rd4 30. Kf3 Nc5 31. Bc6 Rd3+ 32. Ke2 Rg3 33.
h5 Ne6 34. hxg6 hxg6 35. Rh7+ Kf8 36. Kf2 Rd3 37. Rh4 Rd4 38. Ke3 Bc1+ 39. Ke2 Rxf4 40. Rh8+ Kg7 41. Ra8 a5 42. Rxa5 Nd4+ 43. Kd1 Nxc6 44.
Rc5 Nd4 45. Rxc7+ Kh6 46. Kxc1 Ne6 47. Re7 Nd4 48. Re8 Re4 49. Kb2 g5 50. a4 g4 51.
a5 g3 52. a6 Nc6 53. Rg8 Re3 54. e6 Rxe6 55. Rxg3 Nd4 56. Rh3+ Kg5 57. Kc3 Nf5 58. Rf3 Rxa6 59. b4 Rc6+ 60. Kb3 Nd4+ 61. Ka4 Nxf3 0-1

[Event "Early-Titled-Tuesday-Blitz-February-06-2024"]
[Site "Chess.com"]
[Date "2024.02.06"]
[Round "8"]
[White "lynette2015"]
[Black "elchacal664"]
[Result "0-1"]
[WhiteElo "2186"]
[BlackElo "2443"]
[TimeControl "180+1"]
[EndTime "9:29:30 PST"]
[Termination "elchacal664 won on time"]

1. d4 g6 2. Nf3 Bg7 3. Bf4 d6 4. e3 Nf6 5. Be2 O-O 6. O-O Nbd7 7. c4 b6 8. Nc3 Bb7 9. h3 a6 10. Qc2 Qe8 11. Rfd1 e5 12. dxe5 Nxe5 13. Nxe5 dxe5 14.
Bg3 Qe6 15. e4 h5 16. Nd5 Rac8 17. Bh4 Kh7 18. Qd3 Nd7 19. b4 Nf6 20. Qf3 Nxd5 21.
exd5 Qd6 22. Rab1 f5 23. c5 e4 24. Qb3 Qe5 25. c6 Ba8 26. Bxa6 Rce8 27. a4 f4 28. Be2 g5 29. Bxh5 gxh4 30. Bxe8 Rxe8 31. Re1 e3 32. fxe3 fxe3 33. Re2 Qg3 34. Qd3+ Qg6 35. Qxg6+ Kxg6 36. a5 bxa5 37. bxa5 Bd4 38. Rb4 Bc5 39. Rxh4 Kf5 40. Rh7 Ke5 41. Rxc7 Kxd5 42. g4 Bxc6 43. Kg2 Kd6+ 44.
Rxc6+ Kxc6 45. h4 Kd5 46. Kf3 Rf8+ 47. Kg2 Ke4 48. g5 Rf4 49. h5 Rg4+ 50. Kh3 Rxg5 51. Kh4 Be7 52. h6 Rg2+ 53. Kh3 Rxe2 54. a6 Ra2 55. h7 Bf6 0-1

[Event "Early-Titled-Tuesday-Blitz-February-06-2024"]
[Site "Chess.com"]
[Date "2024.02.06"]
[Round "8"]
[White "lilleper1"]
[Black "Maitreia"]
[Result "1-0"]
[WhiteElo "2922"]
[BlackElo "2759"]
[TimeControl "180+1"]
[EndTime "9:29:32 PST"]
[Termination "lilleper1 won by resignation"]

1. e4 c5 2. Nf3 g6 3. c4 Nc6 4. d4 cxd4 5. Nxd4 Bg7 6. Be3 Qb6 7.
Nb3 Qd8 8. Nc3 Bxc3+ 9. bxc3 Nf6 10. f3 O-O 11. c5 b6 12. cxb6 axb6 13. Bb5 Bb7 14. O-O d5 15. Bxc6 Bxc6 16. e5 Nd7 17.
Bh6 Nxe5 18. Bxf8 Kxf8 19. Qd4 f6 20. Qe3 Nc4 21. Qh6+ Kg8 22. Nd4 Bd7 23. f4 Ra3 24. Rf3 Nd2 25. Re3 Ne4 26. f5 Bxf5 27. Nxf5 gxf5 28. Rh3 Ng5 29. Rg3 Qf8 30. Qh4 Qc8 31. Qb4 Qc5+ 32. Qxc5 bxc5 33. h4 f4 34. Rd3 Ne4 35.
Rxd5 Nxc3 36. Rxc5 Kf7 37. h5 h6 38. Rc7 f5 39. Rc6 e6 40. Rc8 Ne2+ 41. Kh2 Ng3 42. Rc6 Nxh5 43. Re1 Ng7 44. Re2 h5 45. Rb6 Kf6 46. Rb3 Ra4 47. a3 e5 48. Rb6+ Ne6 49.
Rc2 Ke7 50. Rcc6 Nd8 51. Rc7+ Ke8 52. Rg6 Kf8 53. Rh6 Kg8 54. Rd6 Ra8 55. Rg6+ Kf8 56. Rf6+ Ke8 57. Rxf5 Ra5 58. Rxh5 Nf7 59. Rh7 e4 60.
Rcxf7 Rh5+ 61. Rxh5 Kxf7 62. Rf5+ Ke6 63. Rxf4 e3 64.
Re4+ 1-0

[Event "Early-Titled-Tuesday-Blitz-February-06-2024"]
[Site "Chess.com"]
[Date "2024.02.06"]
[Round "8"]
[White "Alex_Sahakyan2006"]
[Black "Njal28"]
[Result "1-0"]
[WhiteElo "2906"]
[BlackElo "3064"]
[TimeControl "180+1"]
[EndTime "9:29:37 PST"]
[Termination "Alex_Sahakyan2006 won on time"]

1. d4 c5 2. d5 d6 3. c4 Nf6 4.
Nc3 g6 5. e4 Bg7 6. f4 O-O 7.
Nf3 e6 8. Be2 exd5 9. cxd5 Bg4 10. O-O Bxf3 11. Bxf3 Nbd7 12. g4 Rb8 13. g5 Ne8 14. h4 b5 15. h5 c4 16. Be3 b4 17.
Ne2 Bxb2 18. Rb1 Bg7 19. Kg2 Nc7 20. Rh1 Re8 21. hxg6 fxg6 22. Nd4 Nxd5 23. exd5 Rxe3 24. Ne6 Qe7 25. Qg1 Ra3 26. Kg3 Rxa2 27. Qf1 Rc2 28. Qh3 Nf8 29. Rbe1 Qf7 30. Re3 Rc3 31. Rxc3 bxc3 32.
Bg4 c2 33. Nxf8 Rb3+ 34. Bf3 Bxf8 35. Qc8 Rxf3+ 36. Kxf3 Qxd5+ 37. Kg4 Qd1+ 38. Kg3 Qd3+ 39. Kg4 Qe2+ 40. Kg3 d5 41. Qc7 Qd3+ 42. Kg4 Qf5+ 43. Kg3 Qf7 44. Qc8 d4 45. Qc6 d3 46. Qc8 Qf5 47. Qxc4+ Kg7 48. Qc7+ Qf7 49. Rxh7+ Kxh7 50. Qxf7+ Bg7 51. Qc7 Kh8 52. Qc8+ Kh7 53. Qh3+ Kg8 54. Qc8+ Kh7 55. Qh3+ Kg8 56. Qe6+ Kh7 57. Qe1 Bb2 58. Qh1+ Kg8 59. Qd5+ Kh7 60. Qb7+ Bg7 61. Qc7 a5 62. f5 gxf5 63. Kf4 Kg8 64. Kxf5 1-0

[Event "Early-Titled-Tuesday-Blitz-February-06-2024"]
[Site "Chess.com"]
[Date "2024.02.06"]
[Round "8"]
[White "Zohid6"]
[Black "BogdanDeac"]
[Result "1-0"]
[WhiteElo "2885"]
[BlackElo "3013"]
[TimeControl "180+1"]
[EndTime "9:29:37 PST"]
[Termination "Zohid6 won by resignation"]

1. e4 c6 2. d4 d5 3. e5 Bf5 4.
Nf3 e6 5. Be2 Nd7 6. O-O a5 7.
a4 f6 8. c4 fxe5 9. dxe5 Bc5 10.
Nbd2 Ne7 11. Nb3 Bb6 12. Nbd4 O-O 13. Be3 Bxd4 14. Qxd4 c5 15. Qh4 d4 16. Bg5 Rf7 17.
Qg3 Qc7 18. Rfe1 Ng6 19. Bf1 Raf8 20. h4 h6 21. Bd2 Kh8 22. h5 Ne7 23. Nh4 Kh7 24.
f4 b6 25. Ra3 Kh8 26. Qf3 Nb8 27. g4 Bh7 28. Bd3 Qc6 29. Qg3 Qe8 30. Bxh7 Kxh7 31. Rf3 Nbc6 32. Ref1 Nb4 33. b3 Kh8 34. R3f2 d3 35. Bxb4 axb4 36. Qxd3 Kg8 37. Kg2 Nc6 38. Ng6 Rd7 39. Qe4 Rd4 40. Qf3 Rf7 41. Kg3 Ne7 42.
Nxe7+ Rxe7 43. Re1 Qd8 44. Re3 Red7 45. f5 exf5 46.
Qxf5 Rd3 47. Ref3 Rxf3+ 48. Rxf3 Rd1 49. Qf7+ Kh7 50. Qg6+ Kg8 51. Qf7+ Kh7 52. e6 Qd6+ 53. Kg2 Rd2+ 54. Rf2 Rxf2+ 55. Kxf2 Qd2+ 56. Kf3 Qd3+ 57. Kf4 Qxb3 58. e7 Qc2 59. Qg6+ 1-0

[Event "Early-Titled-Tuesday-Blitz-February-06-2024"]
[Site "Chess.com"]
[Date "2024.02.06"]
[Round "8"]
[White "Barath1308"]
[Black "GoValya"]
[Result "1/2-1/2"]
[WhiteElo "2390"]
[BlackElo "2278"]
[TimeControl "180+1"]
[EndTime "9:29:38 PST"]
[Termination "Game drawn by repetition"]

1. Nf3 Nf6 2. b3 d5 3. Bb2 e6 4.
g3 Be7 5. Bg2 O-O 6. O-O c5 7.
d3 Nc6 8. Nbd2 d4 9. c3 a6 10. a3 e5 11. Rb1 Be6 12. b4 cxb4 13. axb4 h6 14. cxd4 exd4 15. Nb3 Bxb3 16. Qxb3 Qd5 17. Qxd5 Nxd5 18. Nxd4 Ncxb4 19. Nf5 Bf6 20. Bxf6 gxf6 21. Bxd5 Nxd5 22. Rxb7 a5 23. Nxh6+ Kg7 24. Nf5+ Kg6 25.
e4 Nc3 26. Ne7+ Kg7 27. Nf5+ Kg6 28. Kg2 Rfb8 29. Rc7 Nb5 30. Rc5 a4 31. Ne3 a3 32.
Nc2 a2 33. Ra1 Nd6 34. h4 Rb1 35. h5+ Kg7 36. Rc6 Nb5 37. Rb6 Nd4 38. Rbxb1 axb1=Q 39. Rxb1 Nxc2 40. Rc1 Nd4 41. Rc4 Ne6 42. f4 Ra2+ 43.
Kf3 Ra3 44. Ke3 Rb3 45. g4 Rb1 46. f5 Ng5 47. Rc6 Re1+ 48. Kd4 Rg1 49. h6+ Kxh6 50. Rxf6+ Kg7 51. Ra6 Rxg4 52. Kd5 Rg3 53. d4 Nf3 54. e5 Rg2 55. Ra7 Rd2 56. Ra4 f6 57. Ke4 Ng5+ 58. Ke3 Rd1 59. Ra7+ Kf8 60. e6 Re1+ 61. Kf4 Re4+ 62. Kg3 Rxd4 63. Ra8+ Ke7 64. Ra7+ Ke8 65. Ra8+ Ke7 66. Ra7+ Ke8 67. Ra8+ Ke7 1/2-1/2

[Event "Early-Titled-Tuesday-Blitz-February-06-2024"]
[Site "Chess.com"]
[Date "2024.02.06"]
[Round "8"]
[White "Aslanov_Umid"]
[Black "Elsa167"]
[Result "0-1"]
[WhiteElo "2678"]
[BlackElo "2878"]
[TimeControl "180+1"]
[EndTime "9:29:40 PST"]
[Termination "Elsa167 won by checkmate"]

1. e4 e6 2. d4 d5 3. Nd2 c5 4. exd5 Qxd5 5. Ngf3 cxd4 6. Bc4 Qd7 7.
O-O Nc6 8. Nb3 a6 9. Nbxd4 Nxd4 10. Nxd4 Qc7 11. Qe2 Bd6 12. h3 Ne7 13. c3 O-O 14.
Re1 Ng6 15. Bb3 Bd7 16. Bc2 Rae8 17. Be3 f5 18. Rad1 e5 19. Nf3 h6 20. Qd2 Rf6 21. Bxh6 gxh6 22. Qxh6 Bf8 23. Rxd7 Qxd7 24. Bb3+ Ree6 25. Qg5 Kg7 26. Bxe6 Rxe6 27. Qxf5 Rd6 28. Qe4 Qc6 29. Qg4 Qd7 30. Qe4 Qc6 31. Qg4 Qd7 32. Qg5 Rd1 33. Rxd1 Qxd1+ 34. Kh2 Qd6 35. g3 Qf6 36.
Qxf6+ Kxf6 37. g4 e4 38. Nd2 Bd6+ 39. Kg2 Nf4+ 40. Kf1 Ke5 41. Nc4+ Kd5 42. Nxd6 Kxd6 43. h4 Ke5 44. b3 b5 45. c4 b4 46. Ke1 Ng2+ 47.
Ke2 Nxh4 48. Ke3 Ng2+ 49. Ke2 Nf4+ 50. Ke3 Ne6 51. f3 exf3 52. Kxf3 Nc5 53. Ke3 a5 54. g5 a4 55. g6 axb3 56. axb3 Kf6 57. Kd4 Nxb3+ 58. Kd3 Nc5+ 59. Kd4 b3 60. g7 Kxg7 61. Kxc5 b2 62. Kd6 b1=Q 63. c5 Qd3+ 64. Kc7 Kf6 65. c6 Ke6 66. Kb7 Qb5+ 67. Kc7 Ke7 68.
Kc8 Qxc6+ 69. Kb8 Qd7 70. Ka8 Kd6 71. Kb8 Kc6 72. Ka8 Qb7# 0-1

[Event "Early-Titled-Tuesday-Blitz-February-06-2024"]
[Site "Chess.com"]
[Date "2024.02.06"]
[Round "8"]
[White "kingofthenil"]
[Black "Binary010"]
[Result "1-0"]
[WhiteElo "2684"]
[BlackElo "2848"]
[TimeControl "180+1"]
[EndTime "9:29:40 PST"]
[Termination "kingofthenil won on time"]

1. d4 Nf6 2. c4 e6 3. Nf3 b6 4. g3 Ba6 5. b3 d5 6. Bg2 Bb4+ 7. Bd2 Be7 8. Nc3 O-O 9. cxd5 exd5 10. O-O Re8 11. Ne5 Bb7 12. Rc1 Nbd7 13. Bf4 Nf8 14. Nb5 c5 15. dxc5 bxc5 16. b4 a6 17. Nc3 cxb4 18. Na4 Ne6 19. Nc6 Bxc6 20.
Rxc6 Nxf4 21. gxf4 Rc8 22. Rxa6 Rc4 23. e3 Bf8 24.
Qd3 Qc8 25. Rxf6 gxf6 26. Nb6 Rc3 27. Qd1 Qf5 28. Nxd5 Rcc8 29. Kh1 Kh8 30. Qb3 Qe6 31. Rg1 Bg7 32. Qxb4 Red8 33. Qb5 f5 34. a4 Rb8 35. Qc4 Rdc8 36. Qd3 Rb2 37. a5 Rxf2 38. Nb6 Re8 39. Nd5 Ra2 40. Nc7 Qxe3 41. Qxf5 Rxg2 42. Rxg2 Qc1+ 43.
Rg1 Qxc7 44. Qg5 Qc6+ 45. Qg2 Qxg2+ 46. Kxg2 Ra8 47. Rd1 Bf6 48. Rd5 Kg7 49. Kf3 Kf8 50. Rc5 Ke7 51. Rc7+ Ke6 52. Rc6+ Kf5 53. a6 Bg7 54. h4 f6 55. Rc5+ Ke6 56. h5 Kd6 57.
Ra5 Kc6 58. Kg4 Kb6 59. Ra2 Rxa6 60. Rxa6+ Kxa6 61. Kf5 Kb7 62. Ke6 Kc7 63. f5 Kd8 64. Kf7 Bh6 65. Kg8 Ke8 66. Kxh7 Bg5 67. Kg7 Ke7 68.
h6 Bxh6+ 69. Kxh6 Kd6 70. Kg7 Ke5 71. Kg6 1-0

[Event "Early-Titled-Tuesday-Blitz-February-06-2024"]
[Site "Chess.com"]
[Date "2024.02.06"]
[Round "8"]
[White "Kotlyar_K"]
[Black "carokannlover213"]
[Result "0-1"]
[WhiteElo "2499"]
[BlackElo "2771"]
[TimeControl "180+1"]
[EndTime "9:29:41 PST"]
[Termination "carokannlover213 won by resignation"]

1. d4 g6 2. e4 Bg7 3. Nc3 c6 4. Nf3 d5 5. Bd3 dxe4 6. Nxe4 Nf6 7. c3 O-O 8. O-O Nxe4 9. Bxe4 Nd7 10. Re1 e5 11.
Bg5 Qc7 12. Qd2 exd4 13. cxd4 Nf6 14. Bc2 Be6 15. Bf4 Qc8 16. Be5 Bf5 17. Bb3 Nd5 18. Rac1 Qd8 19. h3 Re8 20. Rcd1 Bxe5 21. dxe5 Be6 22. Qh6 f6 23. exf6 Qxf6 24. Ng5 Bf7 25. Qxh7+ Kf8 26. Qh6+ Qg7 27. Qh4 Rxe1+ 28. Rxe1 Re8 29.
Rxe8+ Kxe8 30. Qe4+ Kd7 31. Qf3 Bg8 32. Qg4+ Kc7 33.
Ne6+ Bxe6 34. Qxe6 Qxb2 35. Qxg6 Qa1+ 36. Kh2 Qe5+ 37. Qg3 Nf4 38. h4 a5 39. Qg5 Qe4 40.
h5 b5 41. h6 Kb6 42. Bg8 Qd4 43. h7 Qd6 44. g3 Ng6 45. Qe3+ Kb7 46. Kg2 a4 47.
Qf3 b4 48. Qf7+ Kb6 49. Qxg6 Qxg6 50. h8=Q c5 51. Bd5 Qd6 52. Qa8 c4 53. Bxc4 Kc5 54.
Qa6 Qd4 55. Qb5+ Kd6 56. Qd5+ Qxd5+ 57. Bxd5 Kxd5 58. Kf3 b3 59. axb3 axb3 60. Kf4 b2 61. Kg5 b1=Q 62. f4 Qe4 63. f5 Ke5 64. g4 Qf4+ 65. Kh5 Kf6 66. Kh4 Qg5+ 67. Kg3 Ke5 68. Kh3 Kf4 69. Kh2 Qxg4 70. Kh1 Kf3 0-1